Map: Turbo Cruise '84 LE

Players

soulk

  • Race: Terran Terran
  • League: Bronze
  • Spawn Location: 7:00

playezvibe - Winner!

  • Race: Protoss Protoss
  • League: Bronze
  • Spawn Location: 3:00

VOD

Have the link to the VOD?

Description

Time

  • Played on: July 4, 2019, 7:39 a.m.
  • Length: 12:57
Show
View Real Time Build Order
Export as new Build Order

soulk Terran 

Build Orders:  

Get SALT Encoding   

  12  0:01  SCV  
  13  0:13  SCV  
  14  0:25  SCV  
  15  0:29  Supply Depot  
  15  0:55  Barracks  
  15  1:08  Barracks  
  15  1:15  SCV  
  16  1:27  Supply Depot, SCV  
  17  1:35  Refinery  
  17  1:44  Marine  
  18  1:51  SCV  
  19  2:00  Marine  
  20  2:02  Marine  
  20  2:03  SCV  
  22  2:17  Marine  
  23  2:26  Marine  
  24  2:35  Marine  
  25  2:44  Marine  
  25  2:49  Supply Depot  
  26  2:51  Supply Depot  
  26  2:53  Marine  
  27  3:11  Marine x2  
  29  3:23  Bunker  
  29  3:29  Marine x2  
  31  3:47  Marine  
  24  4:32  Marine  
  24  4:33  Marine  
  24  4:36  Factory  
  26  4:50  Marine  
  26  4:51  Marine  
  27  5:15  Marine  
  27  5:16  Marine  
  27  5:20  Barracks  
  29  5:33  Marine  
  29  5:34  Marine  
  31  5:52  Factory Tech Lab  
  31  5:57  Marine  
  31  5:58  Marine  
  33  6:06  Command Center  
  33  6:10  Supply Depot  
  33  6:14  Marine  
  33  6:16  Marine  
  32  6:26  Siege Tank  
  32  6:29  Marine  
  32  6:32  Marine  
  36  6:34  Marine  
  38  6:47  Marine  
  38  6:50  Marine  
  38  6:52  Marine  
  38  6:58  Siege Tank  
  41  7:18  Barracks Tech Lab  
  41  7:25  Barracks Tech Lab  
  41  7:31  Barracks Tech Lab  
  27  7:59  Marine  
  27  8:01  Marine  
  26  8:07  Marine  
  27  8:17  Marine, Siege Tank  
  27  8:19  Marine  
  32  8:21  SCV  
  32  8:24  Marine  
  32  8:25  Barracks  
  34  8:30  Stimpack  
  34  8:33  SCV  
  35  8:35  Marine  
  35  8:36  Marine  
  37  8:42  Marine  
  38  8:53  Marine  
  38  8:54  Marine  
  40  9:00  Marine  
  41  9:11  Marine  
  41  9:12  Marine  
  43  9:26  Siege Tank  
  43  9:30  Marine x2, Marauder  
  47  9:48  Marine, Marauder  
  47  9:51  Marauder  
  52  10:10  Marauder  
  42  10:32  Siege Tank  
  42  10:34  Marine  
  46  10:37  Marine, Marauder  
  45  10:52  Marine  
  45  10:55  Marine  
  40  10:58  Marauder  
  39  11:44  Siege Tank  
  39  11:45  Marine  
  43  11:47  Marine  
  44  12:03  Marine  
  44  12:04  Marine  
Show
View Real Time Build Order
Export as new Build Order

playezvibe Protoss - Winner!

Build Orders:  

Get SALT Encoding   

  12  0:11  Pylon  
  12  0:18  Probe  
  13  0:30  Probe  
  14  0:38  Gateway  
  14  0:42  Probe  
  15  0:54  Probe  
  16  1:12  Assimilator  
  16  1:16  Assimilator  
  16  1:32  Cybernetics Core  
  16  1:33  Probe  
  17  1:41  Probe  
  18  1:50  Probe  
  21  2:02  Probe  
  20  2:14  Probe  
  21  2:28  Stalker  
  23  2:36  Nexus  
  23  2:43  Pylon  
  23  2:48  Gateway  
  23  2:52  Gateway  
  23  2:55  Gateway  
  23  3:02  Warp Gate, Stalker  
  25  3:38  Stalker  
  27  3:50  Stalker  
  27  3:52  Stalker  
  25  4:55  Stalker  
  27  5:08  Pylon  
  27  5:17  Pylon  
  27  5:27  Pylon  
  27  5:30  Stalker  
  27  5:32  Stalker  
  31  5:37  Stalker  
  31  5:39  Stalker  
  33  5:56  Pylon  
  33  5:58  Stalker  
  33  6:00  Stalker  
  37  6:35  Stalker x2  
  37  6:36  Stalker x2  
  45  6:47  Forge  
  45  7:05  Pylon  
  45  7:15  Pylon  
  45  7:34  Stalker x2, Protoss Ground Weapons Level 1  
  45  7:35  Stalker x2  
  38  8:13  Nexus  
  38  8:22  Pylon  
  38  8:28  Pylon  
  38  8:32  Assimilator  
  38  8:37  Assimilator  
  38  8:46  Twilight Council  
  38  9:00  Shield Battery  
  38  9:03  Shield Battery  
  38  9:20  Pylon  
  38  9:22  Photon Cannon  
  38  9:25  Probe  
  39  9:33  Probe  
  38  9:42  Probe  
  38  9:43  Protoss Ground Armor Level 1  
  37  9:48  Charge  
  37  9:54  Zealot x2  
  37  9:57  Zealot  
  43  10:03  Zealot  
  35  10:40  Robotics Facility  
  35  10:44  Stargate  
  35  10:49  Templar Archives  
  33  10:52  Stalker x2  
  29  11:02  Stalker  
  29  11:12  Stalker  
  31  11:20  Immortal  
  27  11:36  Void Ray  
  31  11:57  High Templar  
  26  12:40  Stalker  
  26  12:41  Stalker x2  
  26  12:42  Stalker  
Tags
 
Add a new tag
Caveats
  • Supply blocks, unpowered buildings, or Contaminate may cause inaccurate times.
  • Supply counts are checked every 10 seconds.